 Dungeon Crawl Stone Soup version 0.21.1-1-g345015fe64 (webtiles) character file.

59937 Gargoyl the Corrupter of Planes (level 14, -2/118 HPs)
             Began as a Centaur Abyssal Knight on June 4, 2018.
             Was the Champion of Lugonu.
             Slain by a death knight
             ... wielding a +0 battleaxe
              (24 damage)
             ... on level 11 of the Dungeon.
             The game lasted 00:37:13 (19227 turns).

Gargoyl the Corrupter of Planes (CeAK)             Turns: 19227, Time: 00:37:14

Health: -2/118     AC: 29    Str: 23    XL:     14   Next: 55%
Magic:  23/23      EV:  6    Int: 13    God:    Lugonu [******]
Gold:   1339       SH: 12    Dex: 11    Spells: 13/13 levels left

rFire    + . .     SeeInvis .   u - +0 broad axe (freeze)
rCold    + . .     Gourm    .   d - +2 buckler of Lies {rElec MR- Regen+ Str+5}
rNeg     . . .     Faith    .   g - +1 chain mail
rPois    .         Spirit   .   H - +0 helmet
rElec    +         Reflect  +   o - +0 cloak
rCorr    .         Harm     .   p - +2 pair of gloves {archery}
MR       .....                  L - +1 centaur barding {rF+}
Stlth    ..........             t - +5 amulet of reflection
HPRegen  0.00/turn              m - ring of protection from cold
MPRegen  0.18/turn              E - +4 ring of protection

@: very quick
A: large, hooves 3, clever 1, deformed body, speed 2, screaming 2, inhibited
regeneration, tough skin 3
a: Depart the Abyss, Bend Space, Banish, Corrupt, Enter the Abyss, Brand Weapon
With Distortion, Renounce Religion


You were on level 11 of the Dungeon.
You worshipped Lugonu.
Lugonu was exalted by your worship.
You were hungry.

You visited 2 branches of the dungeon, and saw 18 of its levels.
You visited the Abyss 1 time.

You collected 1339 gold pieces.

Inventory:

Hand Weapons
 a - a +3 hand axe
 h - a +6 hand axe of flaming
 u - a +0 broad axe of freezing (weapon)
Missiles
 y - 4 tomahawks of returning (quivered)
Armour
 d - the +2 buckler of Lies (worn) {rElec MR- Regen+ Str+5}
   (You found it on level 2 of the Abyss)

   It affects your strength (+5).
   It insulates you from electricity.
   It affects your resistance to hostile enchantments.
   It increases your rate of regeneration.
 g - a +1 chain mail (worn)
 o - a +0 cloak (worn)
 p - a +2 pair of gloves of archery (worn)
 H - a +0 helmet (worn)
 L - a +1 centaur barding of fire resistance (worn)
Jewellery
 j - an uncursed ring of protection from magic
 m - a ring of protection from cold (left hand)
 t - a +5 amulet of reflection (around neck)
 w - an uncursed ring of protection from magic
 D - an uncursed ring of flight
 E - a +4 ring of protection (right hand)
 I - an uncursed amulet of regeneration
Wands
 x - a wand of polymorph (14)
 z - a wand of enslavement (9)
 A - a wand of random effects (54)
 C - a wand of digging (7)
 G - a wand of acid (3)
 J - a wand of scattershot (1)
 K - a wand of paralysis (18)
 Q - a wand of iceblast (8)
 S - a wand of disintegration (36)
Scrolls
 e - 5 scrolls of magic mapping
 n - 9 scrolls of teleportation
 q - 3 scrolls of identify
 s - 8 scrolls of remove curse
 M - 5 scrolls of fog
 N - 2 scrolls of blinking
 R - 2 scrolls of fear
Potions
 f - 4 potions of haste
 i - 9 potions of curing
 l - 4 potions of brilliance
 r - 2 potions of heal wounds
 B - a potion of resistance
Books
 k - a book of Misfortune

   Spells                             Type                      Level
   a - Confusing Touch                Hexes                        1
   b - Confuse                        Hexes                        3
   c - Gell's Gravitas                Translocation                3
   d - Petrify                        Transmutation/Earth          4
   e - Metabolic Englaciation         Hexes/Ice                    5
   f - Yara's Violent Unravelling     Hexes/Transmutation          5
 F - a book of Frost

   Spells                             Type                      Level
   a - Freeze                         Ice                          1
   b - Throw Frost                    Conjuration/Ice              2
   c - Ozocubu's Armour               Charms/Ice                   3
   d - Throw Icicle                   Conjuration/Ice              4
   e - Summon Ice Beast               Ice/Summoning                4
 O - a book of Debilitation

   Spells                             Type                      Level
   a - Corona                         Hexes                        1
   b - Slow                           Hexes                        2
   c - Inner Flame                    Hexes/Fire                   3
   d - Portal Projectile              Hexes/Translocation          3
   e - Cause Fear                     Hexes                        4
   f - Leda's Liquefaction            Hexes/Earth                  4
Comestibles
 c - 41 rations


   Skills:
 + Level 9.3 Fighting
 + Level 12.0 Axes
 + Level 2.1 Throwing
 * Level 10.8 Armour
 + Level 3.6 Dodging
 + Level 7.6 Shields
 * Level 12.0 Invocations
 + Level 1.1 Evocations


You had 13 spell levels left.
You didn't know any spells.

Dungeon Overview and Level Annotations

Branches:
Dungeon (12/15)            Temple (0/1) D:6            Lair (6/6) D:9
 Shoals (0/4) Lair:4       Spider (0/4) Lair:3        Slime (0/5) Lair:6
    Orc (0/2) D:10

Altars:
Ashenzari
Cheibriados
Dithmenos
Elyvilon
Fedhas
Makhleb
Ru
Sif Muna
Trog
Vehumet
Wu Jian
Xom
Jiyva

Shops:
D:10 %


Innate Abilities, Weirdness & Mutations

You have hooves in place of feet.
Armour fits poorly on your strangely shaped body.
You cover ground very quickly.
You have extremely tough skin. (AC +3)
Your mind is acute. (Int +2)
You sometimes yell uncontrollably at your foes.
You do not regenerate when monsters are visible.


Message History

You kick the death knight, but do no damage.
The death knight is heavily wounded.
You hit the death knight. You freeze the death knight.
You kick the death knight, but do no damage.
The death knight is severely wounded.
You block the death knight's attack.
You completely miss the death knight. You kick the death knight.
The death knight is severely wounded.
The death knight hits you with a battleaxe!
You slice the death knight!! You freeze the death knight.
The death knight is almost dead.
The death knight mumbles some strange prayers to Yredelemnul against you.
Your body is wracked with pain!
* * * LOW HITPOINT WARNING * * *
Unknown command.
You closely miss the death knight.
You kick the death knight, but do no damage.
The death knight is almost dead.
The death knight hits you with a battleaxe!!
You die...

##### ########## #...#
#)p......##
#.#.###.#####...#####
#.....#.#...##[##...#
##.##...#..≈≈#'#≈≈..######
####......#.≈..≈p≈..≈.#....#
..(.#...#.##≈...@...≈##...##
###...)....##≈.≈≈≈.≈##).###
......[.#...#..≈<≈..#...#
.....#)[##.##≈.≈≈≈.≈##..#
...)...[####≈.......≈##.#
..........#.≈..≈.≈..≈.#.#
....#...#.#..≈≈#+#≈≈..#.#
##.#....#.#...##.##...#.#
.....#....#####...#####.#


You could see a death knight.

Vanquished Creatures
  A tengu reaver (D:11)
  A frost giant (D:11)
  A stone giant (D:11)
  2 ettins (D:11)
  An ogre mage (D:12)
  Josephine (Lair:5)
  5 hydras
  A centaur warrior (D:12)
  A catoblepas (D:11)
  Erica (D:9)
  The ghost of Faustar the Destroyer, a journeyman TeFE of Vehumet (D:10)
  6 two-headed ogres
  A tengu warrior (D:11)
  6 death yaks
  A fire crab (Lair:6)
  2 unseen horrors
  A swamp dragon (Lair:6)
  2 phantasmal warriors (D:11)
  5 ugly things
  A deep elf mage (D:11)
  3 manticores (D:11)
  A cyclops (D:11)
  5 black mambas
  Joseph (D:9)
  11 spiny frogs
  11 elephants
  A centaur skeleton (D:12)
  A yaktaur (D:12)
  A gargoyle (D:12)
  2 rime drakes
  5 komodo dragons
  4 trolls
  A hornet (D:12)
  4 hippogriffs
  8 blink frogs
  A shadow (D:11)
  A tarantella (Lair:3)
  5 wraiths
  2 wyverns
  The ghost of Freyura the Cudgeler, an amateur MiFi (D:3)
  3 steam dragons (Lair:6)
  35 yaks
  A vampire mosquito (D:11)
  3 basilisks
  2 acid dragons (Lair:6)
  9 porcupines
  A hell hound (D:9)
  6 water moccasins
  A swamp drake (Lair:6)
  5 orc warriors
  2 ice beasts
  A black bear (Lair:2)
  6 phantoms
  An eye of draining (D:11)
  A necrophage (D:8)
  2 sky beasts
  9 centaurs
  8 wolves
  5 ogres
  7 crocodiles
  3 big kobolds
  Blork the orc (D:6)
  11 bullfrogs
  A gnoll sergeant (D:10)
  3 scorpions
  5 killer bees (D:10)
  A troll zombie (D:10)
  An electric eel (Lair:4)
  17 wights
  3 howler monkeys
  3 crimson imps
  3 jellies
  A quasit (D:11)
  3 bullfrog zombies
  6 hounds
  14 orc wizards
  Crazy Yiuf (D:4)
  6 orc priests
  3 bullfrog skeletons
  Ijyb (D:3)
  4 iguanas
  8 worker ants
  Natasha (D:3)
  5 ogre zombies (D:10)
  A mummy (D:7)
  2 worker ant zombies
  14 gnolls
  A howler monkey skeleton (D:4)
  16 adders
  A shadow imp (D:12)
  An adder zombie (D:10)
  3 oozes
  A dart slug (D:2)
  5 leopard geckos
  36 orcs
  7 bats
  3 giant cockroaches
  7 goblins
  7 hobgoblins
  24 jackals
  5 quokkas
  5 ball pythons
  7 frilled lizards
  A goblin zombie (D:10)
  3 hobgoblin skeletons (D:10)
  7 hobgoblin zombies (D:10)
  21 kobolds
  A leopard gecko skeleton (D:5)
  8 orc zombies (D:10)
  2 quokka zombies (D:5)
  10 rats
  A plant (Lair:5)
523 creatures vanquished.

Vanquished Creatures (others)
  A fire dragon (Lair:6)
  A hell hound (D:9)
  An iguana (Lair:6)
  An orc wizard (D:11)
  An orc (D:9)
  2 fungi
  3 plants (Lair:6)
10 creatures vanquished.

Grand Total: 533 creatures vanquished

Notes
Turn   | Place    | Note
-------+----------+-------------------------------------------
     0 | Abyss:1  | Gargoyl the Centaur Abyssal Knight began the quest for the Orb.
     0 | Abyss:1  | Reached XP level 1. HP: 19/19 MP: 2/2
    42 | Abyss:2  | Got an ancient buckler
    50 | Abyss:2  | Noticed a smoke demon
    50 | Abyss:2  | Identified the +2 buckler of Lies {rElec MR- Regen+ Str+5} (You found it on level 2 of the Abyss)
    52 | D:1      | Escaped the Abyss
    59 | D:1      | Noticed an electric eel
    67 | D:1      | Noticed an electric eel
   121 | D:1      | Reached * piety under Lugonu
   297 | D:1      | Reached XP level 2. HP: 25/26 MP: 3/3
   477 | D:2      | Found an ornate altar of the Wu Jian Council.
   608 | D:2      | Reached XP level 3. HP: 31/31 MP: 4/4
   816 | D:2      | Reached skill level 1 in Dodging
   895 | D:2      | Reached ** piety under Lugonu
   955 | D:2      | Reached XP level 4. HP: 38/38 MP: 5/5
  1586 | D:3      | Noticed Freyura's ghost (amateur MiFi)
  1625 | D:3      | Killed Freyura's ghost
  1625 | D:3      | Reached XP level 5. HP: 35/45 MP: 5/7
  1655 | D:3      | Noticed Ijyb
  1671 | D:3      | Killed Ijyb
  1671 | D:3      | Reached XP level 6. HP: 51/51 MP: 8/8
  1952 | D:3      | Noticed Natasha
  1955 | D:3      | Found a white marble altar of Elyvilon.
  1966 | D:3      | Killed Natasha
  2143 | D:4      | Reached *** piety under Lugonu
  2157 | D:4      | Reached skill level 1 in Shields
  2287 | D:4      | Found a runed door.
  2374 | D:4      | Found a deep blue altar of Sif Muna.
  2438 | D:4      | Reached XP level 7. HP: 58/58 MP: 9/9
  2697 | D:4      | Noticed Crazy Yiuf
  2703 | D:4      | Killed Crazy Yiuf
  2762 | D:5      | Entered Level 5 of the Dungeon
  3109 | D:5      | Found a shadowy altar of Dithmenos.
  3109 | D:5      | Found a sacrificial altar of Ru.
  3361 | D:5      | Found a shattered altar of Ashenzari.
  3515 | D:6      | Found a blossoming altar of Fedhas.
  3544 | D:6      | Reached XP level 8. HP: 59/66 MP: 11/11
  3578 | D:6      | Reached **** piety under Lugonu
  3578 | D:6      | Reached skill level 5 in Axes
  3587 | D:6      | Found a shattered altar of Ashenzari.
  3609 | D:6      | Reached skill level 5 in Invocations
  3673 | D:6      | Found a staircase to the Ecumenical Temple.
  4064 | D:6      | Noticed Blork the orc
  4073 | D:6      | Killed Blork the orc
  4241 | D:6      | Reached XP level 9. HP: 73/73 MP: 13/13
  4637 | D:7      | Found a radiant altar of Vehumet.
  4752 | D:7      | Reached skill level 5 in Armour
  4772 | D:7      | Found a snail-covered altar of Cheibriados.
  4785 | D:7      | Reached skill level 5 in Fighting
  5121 | D:8      | Found a bloodstained altar of Trog.
  5158 | D:8      | Noticed a two-headed ogre
  5164 | D:8      | Reached ***** piety under Lugonu
  5362 | D:8      | Killed a two-headed ogre
  5615 | D:8      | Found a shimmering altar of Xom.
  5802 | D:8      | Found a burning altar of Makhleb.
  5877 | D:9      | Found a staircase to the Lair.
  5949 | D:9      | Reached XP level 10. HP: 16/81 MP: 15/15
  6204 | D:9      | Noticed a two-headed ogre
  6211 | D:9      | Killed a two-headed ogre
  6288 | D:9      | Noticed Joseph
  6303 | D:9      | Killed Joseph
  6303 | D:9      | Reached skill level 1 in Throwing
  6332 | D:9      | Identified a scroll of acquirement
  6406 | D:9      | Noticed a two-headed ogre
  6415 | D:9      | Killed a two-headed ogre
  6446 | D:9      | Noticed Erica
  6458 | D:9      | Killed Erica
  6841 | Lair:1   | Entered Level 1 of the Lair of Beasts
  7272 | Lair:1   | Noticed a spiny frog
  7273 | Lair:1   | Noticed a black mamba
  7292 | Lair:1   | Killed a spiny frog
  7297 | Lair:1   | Noticed a spiny frog
  7302 | Lair:1   | Reached XP level 11. HP: 79/89 MP: 17/17
  7828 | Lair:1   | Noticed a six-headed hydra
  7838 | Lair:1   | Killed a one-headed hydra
  8696 | Lair:2   | Reached skill level 5 in Shields
  9181 | Lair:3   | Found a hole to the Spider Nest.
  9214 | Lair:3   | Gained mutation: You are somewhat resistant to further mutation. [potion of mutation]
  9214 | Lair:3   | Gained mutation: Your mind is acute. (Int +2) [potion of mutation]
  9600 | Lair:3   | Reached XP level 12. HP: 85/100 MP: 19/19
 10562 | Lair:4   | Reached skill level 10 in Axes
 10683 | Lair:4   | Found a staircase to the Shoals.
 11237 | Lair:4   | Reached skill level 10 in Invocations
 11524 | Lair:5   | Noticed Josephine
 11645 | Lair:5   | Killed Josephine
 11651 | Lair:5   | Reached ****** piety under Lugonu
 12090 | Lair:6   | Entered Level 6 of the Lair of Beasts
 12094 | Lair:6   | Found a viscous altar of Jiyva.
 12095 | Lair:6   | Found a staircase to the Slime Pits.
 12098 | Lair:6   | Noticed a five-headed hydra
 12114 | Lair:6   | Killed a one-headed hydra
 12322 | Lair:6   | Noticed an eight-headed hydra
 12334 | Lair:6   | Killed a one-headed hydra
 12334 | Lair:6   | Reached XP level 13. HP: 41/107 MP: 20/20
 12668 | Lair:6   | Lost mutation: Your mind is acute. (Int +2) [potion of mutation]
 12668 | Lair:6   | Lost mutation: You are somewhat resistant to further mutation. [potion of mutation]
 12668 | Lair:6   | Gained mutation: You occasionally shout uncontrollably at your foes. [potion of mutation]
 12668 | Lair:6   | Gained mutation: You do not regenerate when monsters are visible. [potion of mutation]
 12668 | Lair:6   | Gained mutation: You sometimes yell uncontrollably at your foes. [potion of mutation]
 12668 | Lair:6   | Gained mutation: Your mind is acute. (Int +2) [potion of mutation]
 13790 | Lair:6   | Noticed a fire dragon
 13801 | Lair:6   | Banished a fire dragon
 14712 | D:10     | Entered Level 10 of the Dungeon
 15076 | D:10     | Got a crude chain mail
 15130 | D:9      | Identified the +7 chain mail "Biblemot" {rC+ Str-3 Int+6} (You found it on level 10 of the Dungeon)
 15220 | D:10     | Noticed Faustar's ghost (journeyman TeFE)
 15243 | D:10     | Killed Faustar's ghost
 15337 | D:10     | Reached skill level 10 in Armour
 15358 | D:10     | Found a staircase to the Orcish Mines.
 15494 | D:10     | Found Moezag's Food Shop.
 16656 | D:11     | Reached XP level 14. HP: 68/116 MP: 22/22
 16955 | D:11     | Noticed a stone giant
 16973 | D:11     | Killed a stone giant
 17041 | D:11     | Got a fine bone ring
 17894 | D:12     | Identified the ring "Qued" {*Tele rElec} (You found it on level 11 of the Dungeon)
 18165 | D:12     | Paralysed by an ogre mage for 3 turns
 18324 | D:12     | Noticed a tengu reaver
 18324 | D:12     | Noticed a frost giant
 18325 | D:12     | Noticed a storm dragon
 18326 | D:12     | Got a pair of heavily runed gloves
 18337 | D:12     | Identified the cursed +0 pair of gloves "Vieqeavu" {rElec rN++ rCorr Dex-5} (You found it on level 12 of the Dungeon)
 18689 | D:11     | Killed a frost giant
 18689 | D:11     | Reached skill level 1 in Evocations
 18831 | D:11     | Killed a tengu reaver
 18932 | D:12     | Paralysed by a hornet for 3 turns
 19227 | D:11     | Slain by a death knight

Skill      XL: |  1  2  3  4  5  6  7  8  9 10 11 12 13 14 |
---------------+-------------------------------------------+-----
Axes           | 2 3 4 6 7 8 9 10 11 12 | 12.0
Armour         | 2 3 4 5 6 7 9 10 | 10.8
Dodging        | 1 2 3 |  3.6
Invocations    | 3 4 5 6 8 9 10 11 12 | 12.0
Shields        | 1 2 3 4 5 6 7 |  7.6
Fighting       | 4 5 6 7 8 9 |  9.3
Throwing       | 2 |  2.1
Evocations     | 1 |  1.1

Action                   |  1- 3 |  4- 6 |  7- 9 | 10-12 | 13-15 || total
-------------------------+-------+-------+-------+-------+-------++-------
Melee: Hand axe          |    84 |   117 |   351 |   613 |   854 ||  2019
       Kick              |    14 |    23 |    88 |   230 |   347 ||   702
       Broad axe         |       |       |       |       |    20 ||    20
Throw: Tomahawk          |       |       |     3 |     9 |       ||    12
Invok: Depart the Abyss  |     1 |       |       |       |       ||     1
       Banish            |       |       |       |     1 |     1 ||     2
Evoke: Wand              |       |     5 |       |       |    14 ||    19
  Use: Scroll            |     7 |     6 |     7 |     6 |    12 ||    38
       Potion            |       |       |       |    10 |     8 ||    18
 Stab: Invisible         |       |       |       |       |     3 ||     3
       Petrified         |       |       |       |       |     2 ||     2
  Eat: Chunk             |       |     3 |     8 |    11 |    10 ||    32
       Ration            |       |       |       |     2 |     3 ||     5
Armor: Leather armour    |     9 |       |       |       |       ||     9
       Chain mail        |    60 |    85 |   143 |   454 |   531 ||  1273
Dodge: Dodged            |    27 |    28 |    78 |   146 |   130 ||   409
Block: Buckler           |    21 |    21 |   148 |   408 |   430 ||  1028
       Reflection        |       |       |    12 |     5 |     6 ||    23
